PA
ROCKY MOUNTAIN VIBES @ GALESBURG GUZZLERS
09/01/2041
 
TOP OF THE 1ST
Rocky Mountain Vibes batting - Pitching for Galesburg Guzzlers : LHP Anathapinda Sahar
Pitching: LHP Anathapinda Sahar
Batting: RHB Mark Fontenot 0-0: Called Strike
0-1: Foul Ball, location: 2F
0-2: Ball
1-2: Ball
2-2: Ball
3-2: Foul Ball, location: 2F
3-2: Fly out, F9 (Flyball, 89S, EV 89.4 MPH)
Batting: RHB Uoti Vaijärvi 0-0: Foul Ball, location: 2F
0-1: Ball
1-1: Foul Ball, location: 2F
1-2: Fly out, F8 (Line Drive, 8RM, EV 103.8 MPH)
Batting: RHB Magnus Fjord 0-0: Ball
1-0: Ball
2-0: Called Strike
2-1: Ball
3-1: Foul Ball, location: 2F
3-2: Base on Balls
Batting: RHB Benoît Baudry 0-0: Ball
1-0: DOUBLE (Line Drive, 89D, EV 107.5 MPH)
Magnus Fjord to third
Runner from 3rd tries for Home, SAFE, throw by RF to home
Batting: RHB Ramón Semprún 0-0: Called Strike
0-1: Swinging Strike
0-2: Ball
1-2: Ball
2-2: Fly out, F9 (Flyball, 89S, EV 90.0 MPH)
Top of the 1st over - 1 run, 1 hit, 0 errors, 1 left on base; Rocky Mountain 1 - Galesburg 0
BOTTOM OF THE 1ST
Galesburg Guzzlers batting - Pitching for Rocky Mountain Vibes : RHP Doug Ross
Pitching: RHP Doug Ross
Batting: RHB Shi-xian Zhào 0-0: Ball
1-0: Ball
2-0: Swinging Strike
2-1: Foul Ball, location: 2F
2-2: Ball
3-2: Strikes out swinging
Batting: RHB Gabriel Luzuriaga 0-0: Ground out 4-3 (Groundball, 4, EV 80.0 MPH)
Batting: RHB Freddie Butterworth 0-0: Called Strike
0-1: Ball
1-1: Ball
2-1: Foul Ball, location: 2F
2-2: Foul Ball, location: 2F
2-2: Strikes out swinging
Bottom of the 1st over - 0 runs, 0 hits, 0 errors, 0 left on base; Rocky Mountain 1 - Galesburg 0
TOP OF THE 2ND
Rocky Mountain Vibes batting - Pitching for Galesburg Guzzlers : LHP Anathapinda Sahar
Batting: LHB Alexandre Prost 0-0: Ball
1-0: Ball
2-0: Ball
3-0: Called Strike
3-1: Base on Balls
Batting: RHB Daniel Morel 0-0: Called Strike
0-1: SINGLE (Flyball, 7LS, EV 85.6 MPH)
Alexandre Prost to second
Batting: SHB William Anderson 0-0: Called Strike
0-1: Called Strike
0-2: Strikes out swinging
Batting: RHB Juan Rea 0-0: Ball
1-0: SINGLE (Groundball, 34D, EV 100.6 MPH)
Alexandre Prost to third
Daniel Morel to second
Runner from 3rd tries for Home, SAFE, no throw by RF
Batting: RHB Mark Fontenot 0-0: Foul Ball, location: 2F
0-1: Ball
1-1: Ball
2-1: Called Strike
2-2: Ball
3-2: Fly out, F9 (Flyball, 9S, EV 96.9 MPH)
Batting: RHB Uoti Vaijärvi 0-0: Ball
1-0: Swinging Strike
1-1: DOUBLE (Line Drive, 78D, EV 99.4 MPH)
Daniel Morel scores
Juan Rea to third
Runner from 3rd tries for Home, SAFE, no throw by LF
Batting: RHB Magnus Fjord 0-0: Foul Ball, location: 2F
0-1: Ball
1-1: Ball
2-1: Swinging Strike
2-2: Foul Ball, location: 2F
2-2: DOUBLE (Line Drive, 7LS, EV 110.0 MPH)
Uoti Vaijärvi scores
Batting: RHB Benoît Baudry 0-0: Ball
1-0: DOUBLE (Flyball, 89D, EV 108.1 MPH)
Magnus Fjord scores
Pitching: RHP Daniel St. John
Batting: RHB Ramón Semprún 0-0: Fly out, F9 (Flyball, 89D, EV 92.5 MPH)
Top of the 2nd over - 5 runs, 5 hits, 0 errors, 1 left on base; Rocky Mountain 6 - Galesburg 0
BOTTOM OF THE 2ND
Galesburg Guzzlers batting - Pitching for Rocky Mountain Vibes : RHP Doug Ross
Batting: RHB Woody Marshall 0-0: Called Strike
0-1: Ground out 5-3 (Groundball, 56, EV 80.6 MPH)
Batting: RHB Bo Rajat 0-0: Ball
1-0: Ball
2-0: Swinging Strike
2-1: Called Strike
2-2: Strikes out swinging
Batting: SHB Félix Linaza 0-0: Foul Ball, location: 2F
0-1: Swinging Strike
0-2: Strikes out looking
Bottom of the 2nd over - 0 runs, 0 hits, 0 errors, 0 left on base; Rocky Mountain 6 - Galesburg 0
TOP OF THE 3RD
Rocky Mountain Vibes batting - Pitching for Galesburg Guzzlers : RHP Daniel St. John
Batting: LHB Alexandre Prost 0-0: Ball
1-0: Ball
2-0: Foul Ball, location: 2F
2-1: Foul Ball, location: 2F
2-2: Fly out, F8 (Flyball, 8RD, EV 91.9 MPH)
Batting: RHB Daniel Morel 0-0: Called Strike
0-1: Ball
1-1: Called Strike
1-2: Ball
2-2: Ground out 4-3 (Groundball, 4, EV 93.1 MPH)
Batting: SHB William Anderson 0-0: Called Strike
0-1: Foul Ball, location: 2F
0-2: Ball
1-2: Strikes out swinging
Top of the 3rd over - 0 runs, 0 hits, 0 errors, 0 left on base; Rocky Mountain 6 - Galesburg 0
BOTTOM OF THE 3RD
Galesburg Guzzlers batting - Pitching for Rocky Mountain Vibes : RHP Doug Ross
Batting: RHB Cheh Che 0-0: DOUBLE (Flyball, 78XD, EV 108.8 MPH)
Batting: RHB Ching Sun 0-0: Ball
1-0: Called Strike
1-1: Ball
2-1: Swinging Strike
2-2: Foul Ball, location: 2F
2-2: SINGLE (Line Drive, 3D, EV 101.9 MPH)
Cheh Che to third
Batting: RHB David Báez 0-0: Foul Ball, location: 2F
0-1: Ball
1-1: Fly out, F7 (Flyball, 78M, EV 84.4 MPH)
Runner from 3rd tags up, SCORES, no throw by LF
Batting: RHB Shi-xian Zhào 0-0: Ball
1-0: Called Strike
1-1: Ball
2-1: Foul Ball, location: 2F
2-2: Ball
3-2: SINGLE (Groundball, 56, EV 96.9 MPH) (infield hit)
Ching Sun to second
Batting: RHB Gabriel Luzuriaga 0-0: Ball
1-0: Foul Ball, location: 2F
1-1: Ball
2-1: Foul Ball, location: 2F
2-2: Strikes out swinging
Batting: RHB Freddie Butterworth 0-0: Ball
1-0: Ball
2-0: Called Strike
2-1: Called Strike
2-2: Foul Ball, location: 2F
2-2: Foul Ball, location: 2F
2-2: Ball
3-2: SINGLE (Flyball, 78S, EV 90.0 MPH)
Ching Sun to third
Shi-xian Zhào to second
Ching Sun scores
Shi-xian Zhào to third
Batting: RHB Woody Marshall 0-0: Foul Ball, location: 2F
0-1: Foul Ball, location: 2F
0-2: Ball
1-2: Foul Ball, location: 2F
1-2: Ground out 4-3 (Groundball, 34, EV 90.0 MPH)
Bottom of the 3rd over - 2 runs, 4 hits, 0 errors, 2 left on base; Rocky Mountain 6 - Galesburg 2
TOP OF THE 4TH
Rocky Mountain Vibes batting - Pitching for Galesburg Guzzlers : RHP Daniel St. John
Batting: RHB Juan Rea 0-0: Called Strike
0-1: Swinging Strike
0-2: Strikes out looking
Batting: RHB Mark Fontenot 0-0: Called Strike
0-1: Ball
1-1: Ball
2-1: Foul Ball, location: 2F
2-2: Foul Ball, location: 2F
2-2: Ground out 6-3 (Groundball, 6, EV 84.4 MPH)
Batting: RHB Uoti Vaijärvi 0-0: Called Strike
0-1: Ball
1-1: Foul Ball, location: 2F
1-2: Strikes out swinging
Top of the 4th over - 0 runs, 0 hits, 0 errors, 0 left on base; Rocky Mountain 6 - Galesburg 2
BOTTOM OF THE 4TH
Galesburg Guzzlers batting - Pitching for Rocky Mountain Vibes : RHP Doug Ross
Batting: RHB Bo Rajat 0-0: Ball
1-0: Foul Ball, location: 2F
1-1: Foul Ball, location: 2F
1-2: Foul Ball, location: 2F
1-2: Ball
2-2: SINGLE (Flyball, 7S, EV 83.8 MPH)
Batting: SHB Félix Linaza 0-0: Called Strike
0-1: Ball
Bo Rajat steals 2nd base
1-1: Ball
2-1: Fly out, F9 (Flyball, 9, EV 85.0 MPH)
Runner from 2nd tags up, SAFE at 3rd with throw by RF
Batting: RHB Cheh Che 0-0: Ball
1-0: Foul Ball, location: 2F
1-1: Foul Ball, location: 2F
1-2: Foul Ball, location: 2F
1-2: Ball
2-2: Ball
3-2: Ground out 6-3 (Groundball, 6, EV 85.6 MPH)
Bo Rajat scores
Batting: RHB Ching Sun 0-0: Called Strike
0-1: Fly out, F9 (Flyball, 9, EV 76.9 MPH)
Bottom of the 4th over - 1 run, 1 hit, 0 errors, 0 left on base; Rocky Mountain 6 - Galesburg 3
TOP OF THE 5TH
Rocky Mountain Vibes batting - Pitching for Galesburg Guzzlers : RHP Daniel St. John
Batting: RHB Magnus Fjord 0-0: Swinging Strike
0-1: Swinging Strike
0-2: Strikes out swinging
Batting: RHB Benoît Baudry 0-0: Ball
1-0: DOUBLE (Flyball, 8LXD, EV 101.9 MPH)
Batting: RHB Ramón Semprún 0-0: Called Strike
0-1: Fly out, F7 (Flyball, 7D, EV 92.5 MPH)
Batting: LHB Alexandre Prost 0-0: Ball
1-0: Foul Ball, location: 2F
1-1: Swinging Strike
1-2: Strikes out swinging
Top of the 5th over - 0 runs, 1 hit, 0 errors, 1 left on base; Rocky Mountain 6 - Galesburg 3
BOTTOM OF THE 5TH
Galesburg Guzzlers batting - Pitching for Rocky Mountain Vibes : RHP Doug Ross
Batting: RHB David Báez 0-0: Fly out, F8 (Flyball, 8RS, EV 86.9 MPH)
Batting: RHB Shi-xian Zhào 0-0: Foul Ball, location: 2F
0-1: Ball
1-1: Foul Ball, location: 2F
1-2: Ground out 1-3 (Groundball, 13, EV 93.1 MPH)
Batting: RHB Gabriel Luzuriaga 0-0: Called Strike
0-1: Swinging Strike
0-2: Ball
1-2: Ground out 6-3 (Groundball, 4M, EV 91.2 MPH)
Bottom of the 5th over - 0 runs, 0 hits, 0 errors, 0 left on base; Rocky Mountain 6 - Galesburg 3
TOP OF THE 6TH
Rocky Mountain Vibes batting - Pitching for Galesburg Guzzlers : RHP Daniel St. John
Batting: RHB Daniel Morel 0-0: Ball
1-0: Called Strike
1-1: Fly out, F3 (Flyball, 34D, EV 96.2 MPH)
Batting: SHB William Anderson 0-0: Ball
1-0: Called Strike
1-1: Fly out, F6 (Line Drive, 6, EV 65.6 MPH)
Pitching: RHP Ettore Guizzardi
Batting: RHB Juan Rea 0-0: Foul Ball, location: 2F
0-1: SINGLE (Groundball, 56, EV 103.8 MPH) (infield hit)
Batting: RHB Mark Fontenot 0-0: Ball
1-0: Called Strike
1-1: Ball
2-1: Foul Ball, location: 2F
2-2: Ball
3-2: SINGLE (Line Drive, 9S, EV 110.6 MPH)
Juan Rea to second
Juan Rea to third
Batting: RHB Uoti Vaijärvi 0-0: Ball
1-0: Foul Ball, location: 2F
1-1: Called Strike
1-2: Strikes out looking
Top of the 6th over - 0 runs, 2 hits, 0 errors, 2 left on base; Rocky Mountain 6 - Galesburg 3
BOTTOM OF THE 6TH
Galesburg Guzzlers batting - Pitching for Rocky Mountain Vibes : RHP Doug Ross
Batting: RHB Freddie Butterworth 0-0: SINGLE (Groundball, 3D, EV 104.4 MPH)
Batting: RHB Woody Marshall 0-0: Foul Ball, location: 2F
0-1: Ball
1-1: Ball
2-1: SINGLE (Groundball, 6MD, EV 105.6 MPH)
Freddie Butterworth to second
Runner from 2nd tries for 3rd, SAFE, no throw by CF
Batting: RHB Bo Rajat 0-0: Ball
1-0: Ball
2-0: Foul Ball, location: 2F
2-1: Ball
3-1: DOUBLE (Flyball, 8RXD, EV 106.2 MPH)
Freddie Butterworth scores
Woody Marshall to third
Batting: SHB Félix Linaza 0-0: Foul Ball, location: 2F
0-1: Ball
1-1: Foul Ball, location: 2F
1-2: Foul Ball, location: 2F
1-2: Strikes out swinging
Pitching: RHP Zachary Loseby
Batting: RHB Cheh Che 0-0: Ball
1-0: Foul Ball, location: 2F
1-1: Called Strike
1-2: Strikes out swinging
Batting: RHB Ching Sun 0-0: Ground out 5-3 (Groundball, 56S, EV 61.2 MPH)
Bottom of the 6th over - 1 run, 3 hits, 0 errors, 2 left on base; Rocky Mountain 6 - Galesburg 4
TOP OF THE 7TH
Rocky Mountain Vibes batting - Pitching for Galesburg Guzzlers : RHP Ettore Guizzardi
Batting: RHB Magnus Fjord 0-0: Ball
1-0: Ball
2-0: Ball
3-0: Called Strike
3-1: Base on Balls
Batting: RHB Benoît Baudry 0-0: Ball
1-0: Ball
2-0: Foul Ball, location: 2F
2-1: Ball
3-1: Fly out, F7 (Flyball, 7S, EV 70.0 MPH)
Batting: RHB Ramón Semprún 0-0: Ball
1-0: Foul Ball, location: 2F
1-1: Ball
2-1: Ball
3-1: Base on Balls
Magnus Fjord to second
Batting: LHB Alexandre Prost 0-0: Ball
1-0: Ball
2-0: Called Strike
2-1: Grounds into double play, 4-6-3 (Groundball, 34, EV 108.8 MPH)
Top of the 7th over - 0 runs, 0 hits, 0 errors, 1 left on base; Rocky Mountain 6 - Galesburg 4
BOTTOM OF THE 7TH
Galesburg Guzzlers batting - Pitching for Rocky Mountain Vibes : RHP Zachary Loseby
Batting: RHB David Báez 0-0: Called Strike
0-1: Called Strike
0-2: Fly out, F3 (Popup, 34, EV 47.5 MPH)
Batting: RHB Shi-xian Zhào 0-0: Ball
1-0: Called Strike
1-1: Swinging Strike
1-2: Foul Ball, location: 2F
1-2: Strikes out looking
Batting: RHB Gabriel Luzuriaga 0-0: Swinging Strike
0-1: Ball
1-1: Foul Ball, location: 2F
1-2: Strikes out swinging
Bottom of the 7th over - 0 runs, 0 hits, 0 errors, 0 left on base; Rocky Mountain 6 - Galesburg 4
TOP OF THE 8TH
Rocky Mountain Vibes batting - Pitching for Galesburg Guzzlers : RHP Ettore Guizzardi
Batting: RHB Daniel Morel 0-0: Ball
1-0: Ball
2-0: Called Strike
2-1: SINGLE (Flyball, 78S, EV 96.2 MPH)
Pitching: RHP Horatio Hornblower
Batting: SHB William Anderson 0-0: Called Strike
0-1: Ball
1-1: Swinging Strike
1-2: Ball
2-2: Foul Ball, location: 2F
2-2: Ball
3-2: Foul Ball, location: 2F
3-2: Strikes out swinging
Batting: RHB Juan Rea 0-0: Called Strike
0-1: Foul Ball, location: 2F
0-2: Strikes out looking
Batting: RHB Mark Fontenot 0-0: SINGLE (Groundball, 6, EV 81.2 MPH) (infield hit)
Daniel Morel to second
Batting: RHB Uoti Vaijärvi 0-0: Called Strike
0-1: Ball
1-1: Foul Ball, location: 2F
1-2: Ball
2-2: Ball
3-2: Ground out 6-3 (Groundball, 6, EV 82.5 MPH)
Top of the 8th over - 0 runs, 2 hits, 0 errors, 2 left on base; Rocky Mountain 6 - Galesburg 4
BOTTOM OF THE 8TH
Galesburg Guzzlers batting - Pitching for Rocky Mountain Vibes : RHP Zachary Loseby
Batting: RHB Freddie Butterworth 0-0: Ball
1-0: Foul Ball, location: 2F
1-1: Fly out, F8 (Line Drive, 8RM, EV 87.5 MPH)
Batting: RHB Woody Marshall 0-0: Swinging Strike
0-1: Ball
1-1: Ball
2-1: Foul Ball, location: 2F
2-2: Ground out 4-3 (Groundball, 4, EV 90.6 MPH)
Batting: RHB Bo Rajat 0-0: Ball
1-0: Ground out 2-3 (Groundball, 2R, EV 75.6 MPH)
Bottom of the 8th over - 0 runs, 0 hits, 0 errors, 0 left on base; Rocky Mountain 6 - Galesburg 4
TOP OF THE 9TH
Rocky Mountain Vibes batting - Pitching for Galesburg Guzzlers : RHP Horatio Hornblower
Batting: RHB Magnus Fjord 0-0: Ground out 1-3 (Groundball, 34S, EV 77.5 MPH)
Batting: RHB Benoît Baudry 0-0: Fly out, F7 (Flyball, 7D, EV 95.6 MPH)
Batting: RHB Ramón Semprún 0-0: Fly out, F9 (Line Drive, 9S, EV 95.0 MPH)
Top of the 9th over - 0 runs, 0 hits, 0 errors, 0 left on base; Rocky Mountain 6 - Galesburg 4
BOTTOM OF THE 9TH
Galesburg Guzzlers batting - Pitching for Rocky Mountain Vibes : RHP Zachary Loseby
Now in LF: Eugene Taylor
Batting: SHB Félix Linaza 0-0: Ball
1-0: Swinging Strike
1-1: Ball
2-1: Ball
3-1: Fly out, F5 (Popup, 15, EV 77.5 MPH)
Batting: RHB Cheh Che 0-0: Ball
1-0: Foul Ball, location: 2F
1-1: Ball
2-1: Foul Ball, location: 2F
2-2: Ball
3-2: Foul Ball, location: 2F
3-2: Foul Ball, location: 2F
3-2: Base on Balls
Pitching: RHP Ian Carr
Pinch Hitting: LHB Bartolo Tasis 0-0: Called Strike
0-1: Ball
1-1: Called Strike
1-2: Foul Ball, location: 2F
1-2: Fielders Choice at 2nd, 4-6 (Groundball, 34, EV 102.5 MPH)
Batting: RHB David Báez 0-0: Ball
1-0: Fly out, F8 (Flyball, 8LS, EV 86.9 MPH)
Bottom of the 9th over - 0 runs, 0 hits, 0 errors, 1 left on base; Rocky Mountain 6 - Galesburg 4
Tuesday, January 5th, 2021 - OOTP Baseball 20.8 Build 74